General information
- name: BNet
- type: Ladder team game (AT/RT)
- host: Battle.net
- saver: timg4strok
map: RiceFields
- players: 6
- length: 21:53
- speed: Fast
- version: 1.21 W3XP
- replay type:

» download(185 KB)
Players
team 1 (winner)

»
iggy_the_fisk (
red | 85 APM | 1849 actions | 21:52)
4 Priestess of the Moon
2 Trueshot Aura
2 Searing Arrows
3 Keeper of the Grove
2 Entangling Roots
1 Force of Nature
» actions
| Assign group hotkey | 58 | |
| Basic commands | 18 | |
| Build / train | 56 | |
| Enter build submenu | 15 | |
| Enter hero's abilities submenu | 7 | |
| Remove unit from queue | 2 | |
| Right click | 1102 | |
| Select / deselect | 343 | |
| Select group hotkey | 176 | |
| Use ability | 72 | |
1849 total
» units
| Wisp | 10 | |
| Archer | 1 | |
| Huntress | 10 | |
| Dryad | 2 | |
| Druid of the Claw | 12 | |
35 total
» upgrades
| Abolish Magic | 1 | |
| Druid of the Claw Training | 2 | |
| Mark of the Claw | 1 | |
| Strength of the Wild | 1 | |
5 total
» buildings
| Altar of Elders | 1 | |
| Moon Well | 6 | |
| Ancient of War | 2 | |
| Hunter's Hall | 1 | |
| Tree of Ages | 1 | |
| Ancient of Lore | 3 | |
| Tree of Eternity | 1 | |
| Ancient of Wonders | 1 | |
16 total
» build order
00:12 Altar of Elders
00:20 Moon Well
01:17 Ancient of War
01:51 Ancient of War
02:28 Hunter's Hall
03:00 Moon Well
04:10 Tree of Ages
04:12 Moon Well
05:31 Moon Well
06:36 Ancient of Lore
06:40 Ancient of Lore
07:37 Tree of Eternity
12:07 Ancient of Wonders
19:54 Ancient of Lore
19:58 Moon Well
19:58 Moon Well
» items
| Scroll of Town Portal | 1 | |
| Orb of Venom | 1 | |
| Staff of Preservation | 1 | |
3 total
Mata. (
pink | 159 APM | 3485 actions | 21:52)
4 Beastmaster
2 Summon Quilbeast
2 Summon Bear
3 Naga Sea Witch
2 Frost Arrows
1 Forked Lightning
» actions
| Assign group hotkey | 499 | |
| Basic commands | 20 | |
| Build / train | 60 | |
| Enter build submenu | 24 | |
| Enter hero's abilities submenu | 7 | |
| Remove unit from queue | 2 | |
| Right click | 1294 | |
| Select / deselect | 685 | |
| Select group hotkey | 788 | |
| Use ability | 106 | |
3485 total
» units
| Wisp | 13 | |
| Huntress | 9 | |
| Archer | 3 | |
| Hippogryph | 4 | |
| Chimaera | 10 | |
39 total
» upgrades
| Sentinel | 1 | |
| Corrosive Breath | 1 | |
2 total
» buildings
| Altar of Elders | 1 | |
| Moon Well | 7 | |
| Hunter's Hall | 1 | |
| Ancient of War | 7 | |
| Tree of Ages | 4 | |
| Tree of Eternity | 2 | |
| Ancient of Wind | 1 | |
| Chimaera Roost | 3 | |
| Ancient of Wonders | 1 | |
27 total
» build order
00:04 Altar of Elders
00:32 Moon Well
01:57 Hunter's Hall
01:59 Ancient of War
01:59 Ancient of War
02:15 Moon Well
02:17 Moon Well
02:51 Ancient of War
03:08 Ancient of War
04:46 Ancient of War
04:49 Ancient of War
04:52 Ancient of War
05:22 Tree of Ages
05:22 Tree of Ages
05:22 Tree of Ages
06:33 Moon Well
06:34 Moon Well
08:57 Tree of Eternity
09:40 Ancient of Wind
10:52 Moon Well
11:55 Chimaera Roost
13:05 Ancient of Wonders
13:11 Chimaera Roost
13:27 Chimaera Roost
15:05 Moon Well

»
timg4strok (
blue | 131 APM | 2864 actions | 21:53)
4 Demon Hunter
2 Mana Burn
2 Evasion
» actions
| Assign group hotkey | 43 | |
| Basic commands | 130 | |
| Build / train | 87 | |
| ESC pressed | 3 | |
| Enter build submenu | 25 | |
| Enter hero's abilities submenu | 4 | |
| Give item / drop item | 1 | |
| Right click | 1171 | |
| Select / deselect | 339 | |
| Select group hotkey | 970 | |
| Use ability | 91 | |
2864 total
» units
| Wisp | 23 | |
| Huntress | 2 | |
| Archer | 20 | |
| Druid of the Talon | 17 | |
62 total
» upgrades
| Strength of the Moon | 3 | |
| Improved Bows | 1 | |
| Druid of the Talon Training | 2 | |
| Ultravision | 1 | |
| Marksmanship | 2 | |
| Well Spring | 1 | |
| Moon Armor | 2 | |
| Nature's Blessing | 1 | |
| Mark of the Talon | 1 | |
14 total
» buildings
| Altar of Elders | 2 | |
| Moon Well | 10 | |
| Ancient of War | 4 | |
| Hunter's Hall | 1 | |
| Tree of Ages | 1 | |
| Tree of Life | 3 | |
| Ancient of Wind | 2 | |
| Tree of Eternity | 1 | |
| Ancient of Wonders | 2 | |
26 total
» build order
00:08 Altar of Elders
00:18 Altar of Elders
00:27 Moon Well
01:08 Ancient of War
02:03 Ancient of War
02:17 Ancient of War
02:47 Hunter's Hall
02:49 Ancient of War
03:35 Moon Well
03:36 Moon Well
04:40 Tree of Ages
05:15 Moon Well
05:15 Moon Well
06:13 Tree of Life
07:06 Ancient of Wind
08:47 Tree of Eternity
08:59 Moon Well
10:25 Ancient of Wonders
10:26 Moon Well
11:03 Ancient of Wind
12:15 Ancient of Wonders
12:51 Moon Well
18:26 Moon Well
18:26 Moon Well
19:09 Tree of Life
20:58 Tree of Life
» items
| Scroll of Town Portal | 2 | |
| Orb of Venom | 1 | |
| Potion of Healing | 1 | |
4 total
team 2 (loser)
APOCALYPSE.PLZ. (
yellow | 182 APM | 3964 actions | 21:47)
4 Death Knight
2 Death Coil
2 Unholy Aura
2 Lich
1 Frost Nova
1 Dark Ritual
» actions
| Assign group hotkey | 47 | |
| Basic commands | 10 | |
| Build / train | 80 | |
| ESC pressed | 6 | |
| Enter build submenu | 18 | |
| Enter hero's abilities submenu | 6 | |
| Give item / drop item | 1 | |
| Right click | 1054 | |
| Select / deselect | 477 | |
| Select group hotkey | 2156 | |
| Use ability | 109 | |
3964 total
» units
| Acolyte | 14 | |
| Ghoul | 3 | |
| Crypt Fiend | 28 | |
| Obsidian Statue | 2 | |
47 total
» upgrades
| Creature Carapace | 2 | |
| Creature Attack | 2 | |
| Burrow | 1 | |
| Web | 1 | |
6 total
» buildings
| Crypt | 2 | |
| Graveyard | 1 | |
| Altar of Darkness | 1 | |
| Ziggurat | 6 | |
| Tomb of Relics | 1 | |
| Nerubian Tower | 1 | |
| Halls of the Dead | 1 | |
| Slaughterhouse | 2 | |
| Black Citadel | 2 | |
| Spirit Tower | 4 | |
| Sacrificial Pit | 1 | |
22 total
» build order
00:05 Crypt
00:05 Graveyard
00:28 Altar of Darkness
00:47 Ziggurat
01:26 Tomb of Relics
01:48 Ziggurat
02:22 Nerubian Tower
03:59 Ziggurat
08:40 Halls of the Dead
09:07 Crypt
11:10 Ziggurat
11:11 Ziggurat
11:32 Slaughterhouse
11:49 Ziggurat
11:50 Black Citadel
12:13 Slaughterhouse
15:41 Spirit Tower
15:41 Spirit Tower
15:42 Spirit Tower
15:45 Black Citadel
17:31 Spirit Tower
19:25 Sacrificial Pit
» items
| Rod of Necromancy | 3 | |
| Dust of Appearance | 1 | |
| Potion of Healing | 2 | |
| Potion of Mana | 2 | |
8 total
cronic-king (
purple | 61 APM | 1334 actions | 21:50)
5 Archmage
3 Summon Water Elemental
2 Brilliance Aura
» actions
| Assign group hotkey | 37 | |
| Basic commands | 14 | |
| Build / train | 30 | |
| Enter build submenu | 16 | |
| Enter hero's abilities submenu | 5 | |
| Remove unit from queue | 1 | |
| Right click | 824 | |
| Select / deselect | 191 | |
| Select group hotkey | 157 | |
| Use ability | 59 | |
1334 total
» units
» upgrades
» buildings
| Altar of Kings | 1 | |
| Farm | 10 | |
| Blacksmith | 1 | |
| Barracks | 2 | |
| Keep | 1 | |
| Workshop | 1 | |
16 total
» build order
00:08 Altar of Kings
00:11 Farm
00:23 Blacksmith
01:32 Barracks
02:02 Farm
02:24 Farm
03:23 Barracks
03:25 Farm
03:27 Farm
05:10 Farm
05:49 Farm
05:50 Keep
06:29 Farm
07:15 Farm
08:44 Workshop
09:19 Farm
med.ling[sA] (
orange | 68 APM | 1497 actions | 21:51)
4 Keeper of the Grove
2 Entangling Roots
2 Thorns Aura
» actions
| Assign group hotkey | 2 | |
| Basic commands | 2 | |
| Build / train | 34 | |
| Enter build submenu | 8 | |
| Enter hero's abilities submenu | 4 | |
| Give item / drop item | 1 | |
| Right click | 1203 | |
| Select / deselect | 175 | |
| Select group hotkey | 1 | |
| Use ability | 67 | |
1497 total
» units
» buildings
| Altar of Elders | 1 | |
| Moon Well | 3 | |
| Ancient of War | 3 | |
| Hunter's Hall | 1 | |
8 total
» build order
00:12 Altar of Elders
00:19 Moon Well
01:16 Ancient of War
01:27 Ancient of War
02:53 Hunter's Hall
03:32 Moon Well
04:23 Moon Well
05:53 Ancient of War
Chat log
(20:32 / All) med.ling[sA]: Well, Centrius lived a lengthy life.